Map: Frozen Temple

Players

Rodzyn - Winner!

  • Race: Protoss Protoss
  • League: Grandmaster

Miszu

  • Race: Terran Terran
  • League: Master

VOD

Have the link to the VOD?

Description

Time

  • Played on: April 23, 2016, 3:47 p.m.
  • Length: 4:18
Show
View Real Time Build Order
Export as new Build Order

Rodzyn Protoss - Winner!

Build Orders: 1 Gate Expand 

Get SALT Encoding   

  12  0:03  Probe (Chrono Boost)  
  13  0:13  Probe (Chrono Boost)  
  14  0:18  Pylon  
  14  0:24  Probe (Chrono Boost)  
  15  0:36  Gateway, Probe (Chrono Boost)  
  16  0:46  Probe (Chrono Boost)  
  16  0:48  Assimilator  
  17  0:57  Probe (Chrono Boost)  
  18  1:08  Probe (Chrono Boost)  
  19  1:22  Nexus  
  19  1:31  Cybernetics Core  
  19  1:34  Probe (Chrono Boost)  
  20  1:43  Assimilator  
  20  1:45  Probe (Chrono Boost)  
  21  1:50  Pylon  
  21  1:56  Probe (Chrono Boost)  
  22  2:06  Probe (Chrono Boost)  
  22  2:08  Adept (Chrono Boost), Warp Gate  
  25  2:18  Probe  
  26  2:30  Probe (Chrono Boost)  
  26  2:34  Probe (Chrono Boost)  
  28  2:38  Adept  
  28  2:42  Probe (Chrono Boost)  
  31  2:45  Mothership Core (Chrono Boost)  
  31  2:50  Robotics Facility  
  33  2:52  Probe (Chrono Boost)  
  34  3:01  Pylon  
  34  3:03  Probe x2 (Chrono Boost)  
  36  3:13  Adept, Probe (Chrono Boost)  
  36  3:16  Probe (Chrono Boost)  
  40  3:24  Gateway, Probe (Chrono Boost)  
  40  3:27  Gateway  
  41  3:29  Probe (Chrono Boost)  
  42  3:35  Probe (Chrono Boost)  
  42  3:39  Observer (Chrono Boost)  
  42  3:41  Adept  
  46  3:49  Probe  
  46  3:51  Pylon, Probe  
  48  3:58  Pylon  
Show
View Real Time Build Order
Export as new Build Order

Miszu Terran 

Build Orders: 1/1/1, Liberator Opening 

Get SALT Encoding   

  12  0:00  SCV  
  13  0:13  SCV  
  14  0:19  Supply Depot  
  14  0:25  SCV  
  14  0:27  Refinery  
  15  0:40  SCV  
  16  0:45  Barracks  
  16  0:53  SCV  
  16  0:55  Refinery  
  17  1:05  SCV  
  18  1:17  SCV  
  20  1:33  Marine  
  20  1:34  Factory  
  20  1:37  Orbital Command  
  20  1:49  Supply Depot  
  20  1:51  Marine  
  21  2:03  SCV  
  22  2:09  Marine  
  23  2:17  Hellion  
  23  2:19  Starport  
  25  2:26  Supply Depot, SCV  
  25  2:29  Marine  
  27  2:39  Hellion  
  27  2:41  SCV  
  30  2:47  Marine  
  31  2:56  Medivac  
  33  3:00  Hellion  
  33  3:02  Supply Depot  
  35  3:09  Liberator  
  35  3:13  Barracks Reactor  
  35  3:20  SCV  
  39  3:33  Command Center  
  39  3:36  SCV  
  40  3:44  Factory Tech Lab  
  40  3:48  SCV  
  41  3:51  Marine x2  
  43  3:58  Supply Depot  
  43  4:00  SCV  
Tags
 
Add a new tag
Caveats
  • Supply blocks, unpowered buildings, or Contaminate may cause inaccurate times.
  • Supply counts are checked every 10 seconds.